 Dungeon Crawl Stone Soup version 0.27-a0-1557-g57f10a385c (webtiles) character file.

Game seed: 17480360237211458150

86 MovingMist the Covered (level 4, -1/28 HPs)
             Began as a Gargoyle Fighter on July 16, 2021.
             Killed by divine providence
             ... invoked by an orc priest
              (10 damage)
             ... on level 3 of the Dungeon.
             The game lasted 00:03:45 (2463 turns).

MovingMist the Covered (Gargoyle Fighter)           Turns: 2463, Time: 00:03:45

Health: -1/28      AC: 10    Str: 19    XL:     4   Next: 49%
Magic:  4/4        EV:  8    Int:  9    God:
Gold:   62         SH:  9    Dex: 10    Spells: 3/3 levels left

rFire    . . .     SeeInvis .   a - +0 flail
rCold    . . .     Faith    .   c - +0 kite shield
rNeg     + . .     Spirit   .   b - +0 scale mail
rPois    ∞         Reflect  .   (no helmet)
rElec    +         Harm     .   (no cloak)
rCorr    .         Rampage  .   (no gloves)
Will     .....                  (no boots)
Stlth    ..........             j - amulet of the acrobat
HPRegen  0.09/turn              (no ring)
MPRegen  0.09/turn              (no ring)

@: no status effects
A: sickness immunity, AC +3, negative energy resistance 1, electricity
resistance, torment resistance 1, petrification resistance
a: no special abilities


You were on level 3 of the Dungeon.
You visited 1 branch of the dungeon, and saw 3 of its levels.

You collected 62 gold pieces.

Inventory:

Hand Weapons
 a - a +0 flail (weapon)
Armour
 b - a +0 scale mail (worn)
 c - a +0 kite shield (worn)
Jewellery
 j - an amulet of the acrobat (around neck)
 n - a ring of resist corrosion
Scrolls
 g - a scroll of summoning {unknown}
 h - 2 scrolls of fog {unknown}
 i - a scroll of silence {unknown}
Potions
 d - a potion of might
 e - 3 potions of curing {unknown}
 f - a potion of brilliance {unknown}
 k - a potion of lignification {unknown}
 l - a potion of flight {unknown}
 m - a potion of attraction {unknown}


   Skills:
 - Level 3.2 Fighting
 + Level 2.7 Maces & Flails
 + Level 4.0 Armour
 * Level 2.2 Dodging
 - Level 3.2 Shields


You had 3 spell levels left.
You didn't know any spells.
Your spell library was empty.

Dungeon Overview and Level Annotations

Branches:
Dungeon (3/15)

Altars:


Innate Abilities, Weirdness & Mutations

You are immune to sickness and miasma.
Your stone body is resilient. (AC +3)
You are immune to poison.
You resist negative energy. (rN+)
You are resistant to electric shocks. (rElec)
You are resistant to unholy torment.
You are immune to petrification.


Message History

You hit the orc priest.
The orc priest is lightly wounded.
The orc priest looks satisfied for a moment.
The orc priest barely misses you. You block the orc's attack.
The orc priest barely misses you.
You hit the orc priest but do no damage.
The orc priest is lightly wounded.
The orc hits you but does no damage. The orc priest hits you with a +0 club.
The orc hits you with a +0 dagger.
You barely miss the orc priest.
The orc priest is lightly wounded.
The orc priest mumbles some strange prayers to Beogh against you.
You barely resist. You block the orc's attack.
The orc priest hits you but does no damage.
You hit the orc priest.
The orc priest is heavily wounded.
You block the orc's attack.
The orc priest hits you but does no damage.
You closely miss the orc priest.
The orc priest is heavily wounded.
The orc barely misses you.
The orc priest invokes the aid of Beogh against you.
Beogh smites you! You block the orc's attack. The orc priest barely misses you.
You hit the orc priest but do no damage.
The orc priest is heavily wounded.
The orc misses you.
The orc priest hits you but does no damage.
You block the orc's attack.
You closely miss the orc priest.
The orc priest is heavily wounded.
The orc priest invokes the aid of Beogh against you.
Beogh smites you! You block the orc's attack.
The orc priest calls upon Beogh to heal the orc priest.
The orc priest is healed somewhat.
The orc priest closely misses you.
You closely miss the orc priest.
The orc priest is lightly wounded.
The orc hits you but does no damage.
The orc priest invokes the aid of Beogh against you.
Beogh smites you!
You die...

##.....##.#
#.......#.#
# #.....#.#
#.#.....<.#
.....##.###
#.#..##.#
#.......#
#.....o.#
#.#..##@#
..... #o#
...# #o#
#.. ... #.
..# #.## #.
#.


You could see 2 orc priests and an orc.

Vanquished Creatures
  2 adders (D:2)
  4 dart slugs
  2 orcs (D:3)
  5 ball pythons
  5 bats
  8 endoplasms
  4 giant cockroaches
  2 goblins
  6 hobgoblins
  2 jackals (D:1)
  3 quokkas (D:1)
  3 kobolds
  4 rats
50 creatures vanquished.

Notes
Turn   | Place    | Note
-------+----------+-------------------------------------------
     0 | D:1      | MovingMist the Gargoyle Fighter began the quest for the
                  | Orb.
     0 | D:1      | Reached XP level 1. HP: 14/14 MP: 1/1
    21 | D:1      | Reached XP level 2. HP: 6/19 MP: 2/2
   284 | D:1      | Reached skill level 1 in Dodging
   414 | D:1      | Reached XP level 3. HP: 23/23 MP: 3/3
  1045 | D:1      | Found a faded altar of an unknown god.
  2006 | D:2      | Reached XP level 4. HP: 25/28 MP: 4/4
  2263 | D:2      | Reached skill level 4 in Armour
  2463 | D:3      | Killed from afar by an orc priest

Illustrated notes

Levels and vault maps discovered:
D:1:      lightli_molten_gateway, layout_rooms,
          shapermc_ecumenical_altar_notcrosses
D:2:      layout_loops_ring
D:3:      layout_loops_cross, serial_shops, shop, nicolae_shop_trees,
          nicolae_shop_waterfront, nicolae_lakefront_shop, nicolae_shop_crystal,
          kennysheep_generic_room_10, uniq_natasha

Skill      XL: |  1  2  3  4 |
---------------+-------------+-----
Dodging        | 1 2 |  2.2
Armour         | 4 |  4.0
Fighting       | |  3.2
Maces & Flails | |  2.7
Shields        | |  3.2

Action                   |  1- 3 |  4- 6 || total
-------------------------+-------+-------++-------
Melee: Flail             |   144 |    45 ||   189
Armor: Scale mail        |    74 |    26 ||   100
Dodge: Dodged            |    49 |    18 ||    67
Block: Kite shield       |    95 |    23 ||   118

Table legend: (Time is in decaauts)
 A = Elapsed time spent in this place.
 B = Non-inter-level travel time spent in this place.
 C = Inter-level travel time spent in this place.
 D = Time resting spent in this place.
 E = Time spent auto-exploring this place.
 F = Levels seen in this place.
 G = Mean time per level.
                   A        B        C        D        E       F      G
               +--------+--------+--------+--------+--------+-----+--------+
         Total |   2559 |   2511 |     48 |    721 |   1277 |   3 |  853.0 |
       Dungeon |   2559 |   2511 |     48 |    721 |   1277 |   3 |  853.0 |
               +--------+--------+--------+--------+--------+-----+--------+

Top non-repeatable levels by time:
     D:1: 1354 daAuts
     D:2: 1179 daAuts
     D:3: 25 daAuts
